Map: Cerulean Fall LE

Players

Trap

  • Race: Protoss Protoss
  • League: Master
  • Spawn Location: 7:00

Serral - Winner!

  • Race: Zerg Zerg
  • League: Master
  • Spawn Location: 1:00

Event: HomeStory Cup XVIII

VOD

Have the link to the VOD?

Description

Time

  • Played on: Nov. 23, 2018, 8:30 a.m.
  • Length: 14:44

All games in this series

Show
View Real Time Build Order
Export as new Build Order

Trap Protoss 

Build Orders: 1 Gate Expand, Oracle Opening, Phoenix Opening, Archon Immortal, Mass Phoenix 

Get SALT Encoding   

  12  0:00  Probe  
  13  0:14  Pylon, Probe  
  14  0:22  Probe  
  15  0:32  Probe  
  16  0:41  Gateway  
  16  0:44  Probe  
  16  0:49  Assimilator  
  17  0:56  Probe  
  18  1:08  Probe  
  19  1:20  Probe  
  20  1:26  Nexus  
  20  1:37  Cybernetics Core  
  20  1:39  Probe  
  21  1:46  Assimilator  
  21  1:52  Probe  
  22  1:55  Pylon  
  22  2:04  Probe  
  22  2:05  Adept  
  25  2:16  Probe  
  25  2:20  Stargate  
  26  2:24  Adept  
  26  2:28  Probe, Warp Gate  
  27  2:35  Probe  
  29  2:40  Probe  
  29  2:43  Probe  
  31  2:49  Adept  
  32  2:52  Probe  
  32  2:53  Probe  
  32  2:55  Oracle  
  36  3:04  Probe  
  40  3:07  Probe  
  41  3:15  Pylon  
  41  3:16  Probe  
  41  3:19  Probe  
  43  3:28  Probe  
  43  3:31  Probe  
  43  3:32  Phoenix  
  47  3:40  Probe  
  46  3:44  Probe  
  46  3:45  Assimilator  
  46  3:46  Assimilator  
  47  3:49  Gateway  
  47  3:53  Probe  
  48  3:56  Probe  
  48  3:59  Pylon  
  49  4:05  Stargate, Probe  
  49  4:08  Probe  
  51  4:13  Phoenix  
  53  4:17  Pylon, Probe  
  53  4:20  Probe  
  54  4:29  Probe  
  55  4:32  Probe  
  55  4:33  Protoss Air Weapons Level 1  
  55  4:34  Pylon  
  55  4:38  Phoenix  
  58  4:41  Probe  
  59  4:47  Adept  
  59  4:48  Adept  
  59  4:49  Phoenix  
  65  4:57  Pylon  
  65  5:03  Phoenix  
  65  5:07  Phoenix  
  65  5:08  Nexus  
  65  5:11  Probe x2  
  71  5:23  Probe  
  71  5:24  Phoenix, Probe  
  73  5:30  Phoenix  
  77  5:36  Robotics Facility  
  77  5:43  Twilight Council  
  77  5:45  Forge  
  77  5:46  Probe  
  77  5:48  Probe  
  73  5:55  Zealot x2  
  77  6:01  Probe x2  
  79  6:05  Shield Battery, Protoss Ground Weapons Level 1  
  79  6:06  Shield Battery  
  79  6:12  Probe  
  79  6:13  Probe  
  79  6:18  Probe, Assimilator  
  81  6:20  Sentry x2  
  81  6:22  Charge, Assimilator  
  81  6:25  Pylon, Probe x2  
  87  6:26  Probe  
  87  6:37  Probe  
  87  6:38  Probe x2  
  90  6:43  Zealot  
  90  6:44  Zealot  
  90  6:46  Templar Archives  
  94  6:47  Pylon  
  94  6:49  Probe  
  95  6:54  Probe x2  
  95  6:57  Gateway, Immortal  
  95  6:58  Gateway  
  97  7:01  Probe  
  97  7:02  Pylon  
  102  7:15  Gateway  
  102  7:16  Gateway  
  102  7:21  Gateway  
  102  7:23  Gateway  
  102  7:27  Immortal  
  102  7:28  High Templar x2  
  110  7:42  Pylon  
  110  7:49  Archon  
  110  7:56  High Templar x2  
  110  7:57  Warp Prism  
  114  7:59  Pylon  
  114  8:00  Pylon, High Templar x2  
  114  8:01  Archon  
  114  8:02  Pylon  
  114  8:05  Pylon, Archon  
  118  8:07  Protoss Ground Weapons Level 2  
  118  8:10  High Templar x2  
  122  8:13  Pylon  
  122  8:14  Pylon  
  122  8:22  Zealot x3  
  122  8:23  Photon Cannon  
  128  8:31  Zealot x2  
  128  8:32  High Templar  
  128  8:33  High Templar  
  136  8:35  Pylon  
  136  8:37  Archon  
  136  8:49  Nexus  
  136  8:51  Pylon  
  136  8:52  High Templar x2  
  136  8:53  Zealot x3  
  146  8:56  Archon  
  146  8:57  High Templar  
  146  9:01  Archon  
  148  9:05  Zealot x2  
  122  9:18  Zealot  
  122  9:19  Zealot x2  
  122  9:23  Immortal  
  110  9:27  Zealot x4  
  83  9:39  High Templar x3  
  83  9:40  High Templar  
  83  9:41  Psionic Storm  
  83  9:43  Photon Cannon  
  83  9:45  Archon x2  
  87  9:46  Photon Cannon  
  87  9:47  Zealot x3  
  87  9:48  Zealot, Photon Cannon  
  87  9:51  Assimilator  
  95  9:53  Immortal  
  95  9:55  Assimilator  
  95  10:02  Probe x4  
  103  10:09  Zealot x4  
  111  10:19  High Templar x2, Zealot x2  
  111  10:20  Probe  
  119  10:23  Shield Battery  
  119  10:24  Shield Battery, Probe x2  
  119  10:25  Probe  
  117  10:28  Probe  
  117  10:30  Immortal  
  118  10:36  Probe x2  
  118  10:37  Probe  
  118  10:42  High Templar x2  
  128  10:44  High Templar  
  128  10:48  Probe x3  
  128  10:49  Probe  
  134  11:00  High Templar x2  
  134  11:01  Zealot x3  
  144  11:05  Archon  
  120  11:15  Probe x3  
  91  11:26  Nexus  
  91  11:27  Warp Prism, Probe x3  
  91  11:31  Protoss Ground Weapons Level 3  
  91  11:32  High Templar x4  
  102  11:34  Zealot x2  
  102  11:35  Zealot x2  
  112  11:41  Probe x3  
  115  11:53  Probe x3  
  118  12:03  High Templar  
  118  12:04  High Templar, Zealot x3  
  118  12:07  Archon  
  127  12:08  Probe x3  
  127  12:13  High Templar  
  129  12:20  Probe  
  129  12:21  Probe x2  
  117  12:24  Pylon  
  117  12:32  Zealot x2, Probe  
  117  12:33  Zealot x3  
  117  12:36  Zealot  
  130  12:41  High Templar  
  119  12:52  Zealot x2  
  119  12:53  Zealot x3  
  119  12:58  Probe x3  
  126  13:06  High Templar x2, Assimilator  
  126  13:11  Pylon, Archon  
  124  13:14  Warp Prism  
  112  13:23  High Templar x4  
  112  13:24  Zealot x2  
  126  13:27  Archon  
  126  13:28  Archon  
  120  13:38  Void Ray  
  120  13:39  Void Ray  
  120  14:03  Probe x4  
  120  14:05  Archon x2  
  120  14:09  High Templar  
  126  14:15  Probe  
  127  14:19  Zealot x5  
  127  14:23  Probe x3  
  127  14:24  Probe  
Show
View Real Time Build Order
Export as new Build Order

Serral Zerg - Winner!

Build Orders: Hatch First 

Get SALT Encoding   

  12  0:00  Drone  
  13  0:12  Overlord  
  13  0:17  Drone  
  14  0:30  Drone x2  
  16  0:45  Drone  
  17  0:53  Hatchery  
  17  0:55  Drone  
  17  0:59  Drone  
  18  1:10  Extractor  
  17  1:14  Spawning Pool  
  17  1:16  Drone  
  17  1:21  Drone  
  18  1:28  Drone  
  19  1:39  Drone  
  20  1:49  Overlord  
  20  2:00  Queen  
  22  2:04  Queen  
  22  2:05  Zergling x4  
  26  2:10  Metabolic Boost  
  26  2:12  Drone  
  28  2:15  Drone  
  29  2:22  Drone  
  29  2:27  Drone  
  30  2:34  Zergling x2  
  31  2:37  Drone  
  31  2:42  Hatchery  
  31  2:46  Overlord  
  31  2:55  Queen  
  32  2:58  Drone x2  
  32  3:01  Drone  
  35  3:07  Drone  
  35  3:12  Zergling x8  
  40  3:15  Overlord  
  40  3:19  Drone  
  41  3:22  Drone  
  41  3:23  Drone  
  41  3:26  Spore Crawler  
  42  3:28  Drone  
  42  3:36  Drone  
  42  3:37  Drone  
  42  3:40  Queen  
  45  3:44  Overlord  
  45  3:45  Drone x2  
  47  3:51  Drone x2  
  47  3:55  Spore Crawler  
  48  3:56  Drone  
  48  3:57  Drone  
  48  4:02  Queen  
  52  4:03  Drone  
  52  4:06  Drone x2  
  52  4:08  Drone  
  56  4:11  Spore Crawler  
  56  4:15  Overlord  
  56  4:16  Overlord  
  55  4:19  Drone  
  55  4:24  Extractor, Drone  
  55  4:27  Queen  
  55  4:30  Drone  
  55  4:31  Evolution Chamber  
  56  4:35  Zergling x6  
  56  4:37  Drone  
  60  4:39  Spore Crawler  
  60  4:41  Drone  
  60  4:43  Drone  
  60  4:44  Drone  
  62  4:47  Overlord  
  62  4:48  Drone x2  
  62  4:50  Drone  
  62  4:52  Drone x2  
  67  4:57  Zerg Melee Weapons Level 1  
  67  4:58  Overlord  
  67  5:01  Spore Crawler  
  67  5:02  Drone  
  67  5:04  Drone x2  
  69  5:07  Zergling x4  
  69  5:09  Zergling x2  
  69  5:11  Queen  
  74  5:15  Queen  
  76  5:22  Zergling x2  
  76  5:23  Drone x4  
  76  5:25  Drone x3  
  76  5:28  Extractor x3, Lair  
  83  5:30  Drone  
  83  5:33  Extractor, Drone  
  81  5:35  Drone  
  81  5:39  Overlord  
  81  5:40  Spore Crawler  
  81  5:43  Zergling x4  
  81  5:44  Zergling x4  
  81  5:46  Zergling x4  
  81  5:49  Drone x2  
  85  5:51  Drone  
  85  5:54  Queen  
  87  5:59  Drone x3  
  87  6:00  Drone  
  91  6:04  Overlord  
  91  6:05  Drone  
  91  6:08  Spore Crawler x2  
  90  6:12  Drone  
  90  6:16  Drone x2  
  93  6:20  Hatchery  
  93  6:21  Drone  
  93  6:24  Spore Crawler  
  93  6:25  Drone x6  
  98  6:27  Drone x2  
  98  6:31  Drone  
  97  6:33  Drone x2  
  97  6:37  Drone x2  
  97  6:41  Drone  
  97  6:47  Hydralisk Den  
  97  6:50  Baneling Nest, Drone x3, Evolution Chamber  
  97  6:52  Zerg Melee Weapons Level 2  
  94  6:55  Drone  
  94  7:00  Drone x3  
  94  7:01  Drone x3  
  100  7:04  Extractor  
  100  7:05  Drone  
  101  7:08  Overlord  
  101  7:09  Drone  
  101  7:13  Overlord  
  101  7:14  Spore Crawler  
  101  7:17  Muscular Augments  
  101  7:18  Zerg Missile Weapons Level 1  
  101  7:19  Overlord  
  101  7:20  Overlord, Hydralisk  
  103  7:26  Hydralisk x3  
  107  7:31  Drone x2  
  107  7:34  Hydralisk x2, Centrifical Hooks  
  113  7:42  Drone x6  
  119  7:51  Hydralisk  
  119  7:52  Hydralisk x4  
  119  7:56  Pneumatized Carapace  
  129  7:58  Hydralisk  
  129  7:59  Hydralisk  
  129  8:05  Infestation Pit  
  132  8:06  Overlord x2  
  132  8:07  Overlord  
  132  8:10  Drone  
  132  8:12  Overlord x2  
  133  8:19  Baneling x4  
  133  8:20  Hydralisk x4  
  138  8:27  Zergling x14  
  138  8:30  Zergling x2  
  138  8:31  Zergling x10  
  138  8:34  Baneling x3  
  150  8:36  Grooved Spines, Zergling x6  
  153  8:42  Hydralisk x3  
  153  8:47  Zergling x8  
  163  8:48  Baneling x2  
  163  8:50  Infestation Pit, Baneling x6  
  163  8:51  Baneling  
  163  8:55  Baneling x8  
  162  9:00  Overlord  
  162  9:03  Zergling x14  
  162  9:06  Baneling x6  
  161  9:15  Hydralisk x2, Zergling x6  
  161  9:16  Zergling x6  
  144  9:20  Hydralisk  
  144  9:21  Hydralisk, Zergling x4  
  123  9:35  Hydralisk  
  123  9:36  Hydralisk x7  
  129  9:42  Hatchery  
  128  9:47  Extractor  
  128  9:52  Zergling x12  
  133  9:59  Hive  
  133  10:01  Extractor, Spire, Drone  
  133  10:02  Drone x3  
  135  10:14  Hydralisk x2  
  135  10:15  Zergling x14  
  135  10:20  Baneling x6  
  144  10:27  Baneling x3  
  144  10:28  Baneling x4  
  143  10:34  Drone  
  144  10:36  Hydralisk x3  
  144  10:37  Zergling x20  
  144  10:42  Baneling x9  
  159  10:43  Baneling  
  159  10:46  Baneling x3  
  159  10:48  Baneling x2  
  159  10:50  Baneling  
  159  10:51  Baneling  
  159  10:52  Spore Crawler  
  159  10:53  Drone x2  
  159  10:55  Zergling x14  
  166  10:58  Baneling x3  
  166  10:59  Baneling x2  
  166  11:03  Zergling x10  
  157  11:13  Zergling x20  
  157  11:14  Zergling x2  
  157  11:21  Hydralisk x2  
  157  11:22  Zergling x10  
  158  11:29  Baneling x12  
  154  11:33  Greater Spire  
  154  11:39  Zerg Missile Weapons Level 2  
  154  11:40  Zerg Melee Weapons Level 3  
  154  11:41  Zergling x10  
  154  11:46  Spine Crawler  
  158  11:48  Baneling x9  
  158  11:52  Baneling x3  
  158  11:54  Zergling x12  
  164  11:58  Zergling x2  
  164  11:59  Zergling x6  
  164  12:09  Hydralisk x3  
  164  12:10  Zergling x10  
  170  12:22  Corruptor x3  
  166  12:27  Extractor, Drone x3  
  166  12:29  Baneling x7  
  174  12:33  Corruptor  
  174  12:35  Corruptor  
  178  12:40  Adrenal Glands  
  178  12:44  Corruptor  
  176  12:55  Brood Lord  
  176  12:58  Brood Lord  
  178  13:04  Brood Lord  
  174  13:18  Extractor, Drone x3  
  172  13:22  Spine Crawler  
  172  13:23  Drone  
  172  13:24  Drone x2, Brood Lord x3, Spine Crawler  
  172  13:25  Spine Crawler  
  172  13:26  Spine Crawler x2  
  170  13:34  Baneling  
  170  13:35  Baneling x4  
  170  13:36  Zergling x20  
  180  13:48  Corruptor x3  
  177  13:50  Overlord x2  
  177  13:54  Baneling x7  
  183  13:58  Overlord  
  183  14:01  Overlord  
  183  14:04  Overlord  
  168  14:14  Hydralisk x3  
  168  14:15  Zergling x18  
Tags
 
Add a new tag
Caveats
  • Supply blocks, unpowered buildings, or Contaminate may cause inaccurate times.
  • Supply counts are checked every 10 seconds.